 Dungeon Crawl Stone Soup version 0.17-a0-1909-g0b14330 (webtiles) character file.

49 AvaKnavely the Cutter (level 4, -6/29 HPs)
             Began as a Kobold Abyssal Knight on Sept 24, 2015.
             Was a Follower of Lugonu.
             Killed from afar by Ijyb (26 damage)
             ... with a wand of cold
             ... on level 3 of the Dungeon on Sept 25, 2015.
             The game lasted 00:04:02 (1208 turns).

AvaKnavely the Cutter (Kobold Abyssal Knight)       Turns: 1208, Time: 00:04:02

Health: -6/29      AC:  3    Str: 10    XL:     4   Next: 1%
Magic:  6/6        EV: 14    Int: 10    God:    Lugonu [*.....]
Gold:   73         SH:  0    Dex: 16    Spells: 0 memorised, 3 levels left

rFire  . . .     SeeInvis .     a - +1 short sword
rCold  . . .     Clarity  .     b - +0 leather armour
rNeg   . . .     SustAt   .     (shield restricted)
rPois  .         Gourm    .     (no helmet)
rElec  .         Spirit   .     (no cloak)
rCorr  .         Warding  .     (no gloves)
rMut   .         Stasis   .     (no boots)
MR     .....                    (no amulet)
Stlth  +.........               (no ring)
                                (no ring)

@: not resistant to hostile enchantments, very unstealthy
A: carnivore 3
a: Depart the Abyss, Renounce Religion


You were on level 3 of the Dungeon.
You worshipped Lugonu.
Lugonu was aware of your devotion.
You were very full.

You visited 1 branch of the dungeon, and saw 3 of its levels.
You visited the Abyss 1 time.

You collected 73 gold pieces.

Inventory:

Hand weapons
 a - a +1 short sword (weapon)
Armour
 b - a +0 leather armour (worn)
Scrolls
 f - a scroll of remove curse {unknown}
 h - a scroll of magic mapping {unknown}
 j - a scroll of enchant armour {unknown}
 k - a scroll of identify {unknown}
Potions
 d - a potion of agility {unknown}
 e - a potion of haste {unknown}
 g - 2 potions of beneficial mutation {unknown}
 i - a potion of degeneration {unknown}
Comestibles
 c - 2 meat rations


   Skills:
 + Level 3.7 Fighting
 * Level 4.2 Short Blades
 - Level 0.7 Armour
 - Level 2.4 Dodging
 + Level 2.7 Invocations


You had 3 spell levels left.
You didn't know any spells.

Dungeon Overview and Level Annotations

Branches:
Dungeon (3/15)

Altars:
Elyvilon

Annotations:
D:2 Sigmund
D:3 Ijyb, Purgy


Innate Abilities, Weirdness & Mutations

You are small and have problems with some larger weapons.
You are carnivorous and can eat meat at any time.


Message History

Found 25 bolts.
Found a scroll labeled LIEZUWAYGH.
No target in view!
Found a lumpy purple potion.
Found a leather armour.
You see here a lumpy purple potion.
Found a stone staircase leading down.
Found a bread ration.
Welcome back, AvaKnavely the Kobold Abyssal Knight.
Lugonu says: Spread carnage and corruption!
Press ? for a list of commands and other information.
Purgy the Meek comes into view.
Purgy shouts!
Press: ? - help, v - describe, . - travel A rock wall.
You see here a lumpy purple potion.
Ijyb the Twisted Goblin comes into view.
Ijyb zaps a wand.
The bolt of cold hits you!
Ouch! That really hurt!
You die...

..............†....
###.##..#####.#....
#.?.....#####.#....
#.#.##......#.#....
#...##......#.#....
#....#......#.#....
######....##..####.#....
..........!.#.# #.#####
.......@..#.#.# #.#
..........#.#.## #.#
..........#.#..# #.# .
..........#.##.# #.# ..
..........#T##.###.##...
...[.g....#....T........
#.....#########.##.#####
#...#. .........##.#
#..#.. .....###.##.#


You could see Ijyb.

Vanquished Creatures
  2 adders (D:2)
  7 bats
  A giant cockroach (D:2)
  2 goblins (D:1)
  7 hobgoblins
  2 kobolds (D:1)
  A giant gecko (D:1)
  A giant newt (D:1)
  5 rats
28 creatures vanquished.

Vanquished Creatures (others)
  A rat (D:2)
1 creature vanquished.

Grand Total: 29 creatures vanquished

Notes
Turn   | Place    | Note
--------------------------------------------------------------
     0 | Abyss:1  | AvaKnavely the Kobold Abyssal Knight began the quest for the Orb.
     0 | Abyss:1  | Reached XP level 1. HP: 14/14 MP: 2/2
     5 | Abyss:1  | Noticed a small abomination
    14 | D:1      | Escaped the Abyss
   389 | D:1      | Reached XP level 2. HP: 19/19 MP: 3/3
   469 | D:1      | Acquired Lugonu's first power
   566 | D:1      | Reached XP level 3. HP: 23/23 MP: 4/4
   788 | D:2      | Reached skill level 4 in Short Blades
  1083 | D:2      | Found a white marble altar of Elyvilon.
  1085 | D:2      | Noticed Sigmund
  1150 | D:3      | Reached XP level 4. HP: 15/29 MP: 6/6
  1184 | D:3      | Upgraded the game from 0.17-a0-1905-gfaf5a26 to 0.17-a0-1909-g0b14330
  1184 | D:3      | Noticed Purgy
  1206 | D:3      | Noticed Ijyb
  1208 | D:3      | Killed from afar by Ijyb

Vault maps used:
D:1:      eino_arrival_tree_alley, minmay_misc_feat_rows, minmay_misc_feat_five,
          kennysheep_flooded_box, minmay_bisected
D:2:      elyvilon_altar_4, first_bread, trog_butcher_becter, uniq_sigmund,
          uniq_natasha
D:3:      uniq_purgy, uniq_jessica, uniq_terence, uniq_iyjb

Action                   |  1- 3 |  4- 6 || total
-------------------------+-------+-------++-------
Melee: Short sword       |    89 |       ||    89
Invok: Depart the Abyss  |     1 |       ||     1
  Eat: Chunk             |     9 |       ||     9
